 Dungeon Crawl Stone Soup version 0.25-a0-578-gc91f01c39c (webtiles) character file.

Game seed: 1336770995824286540, levelgen mode: deterministic

91 Flugslaktarn the Shield-Bearer (level 4, 0/40 HPs)
             Began as a Minotaur Fighter on Mar 3, 2020.
             Was an Initiate of Cheibriados.
             Slain by a scorpion (5 damage)
             ... on level 5 of the Dungeon.
             The game lasted 00:00:40 (1153 turns).

Flugslaktarn the Shield-Bearer (Minotaur Fighter)   Turns: 1153, Time: 00:00:41

Health: 0/40       AC:  7    Str: 22    XL:     4   Next: 33%
Magic:  3/3        EV:  7    Int:  6    God:    Cheibriados [......]
Gold:   86         SH:  9    Dex: 11    Spells: 3/3 levels left

rFire    . . .     SeeInvis .   p - +0 hand axe (freeze)
rCold    . . .     Gourm    .   c - +0 kite shield
rNeg     . . .     Faith    .   b - +0 scale mail
rPois    .         Spirit   .   (helmet restricted)
rElec    .         Reflect  .   (no cloak)
rCorr    .         Harm     .   (no gloves)
MR       .....                  (no boots)
Stlth    ..........             (no amulet)
HPRegen  0.13/turn              (no ring)
MPRegen  0.08/turn              (no ring)

@: lethally poisoned (0 -> -5), very slow
A: retaliatory headbutt, horns 2
a: Bend Time, Renounce Religion


You were on level 5 of the Dungeon.
You worshipped Cheibriados.
Cheibriados was noncommittal.
You were very hungry.

You visited 1 branch of the dungeon, and saw 5 of its levels.

You collected 86 gold pieces.

Inventory:

Hand Weapons
 a - a +0 war axe
 p - a +0 hand axe of freezing (weapon)
   (You found it on level 4 of the Dungeon)
Armour
 b - a +0 scale mail (worn)
 c - a +0 kite shield (worn)
Jewellery
 k - an uncursed amulet of harm {unknown}
   (You found it on level 4 of the Dungeon)
 m - a +4 ring of evasion {unknown}
   (You found it on level 4 of the Dungeon)
Scrolls
 h - 5 scrolls of teleportation {unknown}
 i - a scroll of identify {unknown}
 j - a scroll of fog {unknown}
 l - a scroll of amnesia {unknown}
Potions
 d - a potion of might
 f - a potion of flight {unknown}
 g - a potion of heal wounds {unknown}
 n - a potion of haste {unknown}
 o - 3 potions of curing {unknown}
Comestibles
 e - 2 rations


   Skills:
 + Level 4.2 Fighting
 * Level 3.9 Axes
 + Level 4.2 Armour
 + Level 4.2 Shields
 + Level 0.7 Invocations


You had 3 spell levels left.
You didn't know any spells.
Your spell library was empty.

Dungeon Overview and Level Annotations

Branches:
Dungeon (5/15)
 Temple: D:4-7

Altars:
Cheibriados
Qazlal
Ru
The Shining One


Innate Abilities, Weirdness & Mutations

You reflexively headbutt those who attack you in melee.
You have a pair of horns on your head.


Message History

You closely miss the scorpion.
The scorpion is lightly wounded.
You block the scorpion's attack. The scorpion stings you.
* * * LOW HITPOINT WARNING * * *
You hit the scorpion but do no damage. Your headbutt misses the scorpion.
The scorpion is lightly wounded.
The scorpion stings you.
* * * LOW HITPOINT WARNING * * *
You are lethally poisoned!
The scorpion poisons you!
You hit the scorpion. You freeze the scorpion.
The scorpion is moderately wounded.
* * * LOW HITPOINT WARNING * * *
You feel sick.
The scorpion stings you but does no damage.
You hit the scorpion but do no damage. Your headbutt misses the scorpion.
The scorpion is moderately wounded.
* * * LOW HITPOINT WARNING * * *
You feel sick. The scorpion stings you.
You die...

##############
#.....%.s.....
#.##...#########
#.#.##...#
#.#.##...#
#.#.##...#
#.#.##...# #
#<#.##s..#
#.#.#.##@..#
##.#.#......#
#...........#
#######.######.#
#<......# .#
######### .# .#


You could see a scorpion.

Vanquished Creatures
  An iguana (D:4)
  A worker ant (D:5)
  2 adders (D:2)
  An ooze (D:3)
  A dart slug (D:3)
  A ball python (D:2)
  A bat (D:2)
  A giant cockroach (D:4)
  2 goblins
  A hobgoblin (D:1)
  3 jackals (D:1)
  2 quokkas (D:2)
  2 frilled lizards
  3 rats
22 creatures vanquished.

Notes
Turn   | Place    | Note
-------+----------+-------------------------------------------
     0 | D:1      | Flugslaktarn the Minotaur Fighter began the quest for the
                  | Orb.
     0 | D:1      | Reached XP level 1. HP: 19/19 MP: 0/0
    31 | D:2      | Reached XP level 2. HP: 27/27 MP: 1/1
    55 | D:2      | Reached XP level 3. HP: 33/33 MP: 2/2
    82 | D:2      | Found a sacrificial altar of Ru.
   135 | D:2      | Found a glowing golden altar of the Shining One.
   193 | D:3      | Found a snail-covered altar of Cheibriados.
   199 | D:3      | Became a worshipper of Cheibriados the Contemplative
   355 | D:4      | Found a stormy altar of Qazlal.
   880 | D:4      | Reached XP level 4. HP: 40/40 MP: 3/3
  1090 | D:5      | Entered Level 5 of the Dungeon
  1153 | D:5      | Slain by a scorpion

Levels and vault maps discovered:
D:1:      dpeg_arrival_pits, layout_loops_cross
D:2:      layout_loops_cross, nicolae_overflow_crystal_walls,
          grunt_temple_overflow_open
D:3:      layout_loops_cross, fedhas_ov_isle_minmay, lemuel_crystal_altar,
          kennysheep_slug_shrine, first_ration
D:4:      layout_basic, grunt_qazlal_sundering, kennysheep_generic_room_14
D:5:      minmay_angry_zag, layout_basic, kennysheep_little_box,
          minmay_temple_entry_ruins, uniq_menkaure

Skill      XL: |  1  2  3 |
---------------+----------+-----
Axes           | 3 |  3.9
Armour         | 4 |  4.2
Shields        | 4 |  4.2
Fighting       | 4 |  4.2
Invocations    | |  0.7

Action                   |  1- 3 |  4- 6 || total
-------------------------+-------+-------++-------
Melee: War axe           |    45 |       ||    45
       Headbutt          |    10 |     3 ||    13
       Hand axe          |       |    11 ||    11
Armor: Scale mail        |    22 |     2 ||    24
Dodge: Dodged            |    11 |     2 ||    13
Block: Kite shield       |    19 |     7 ||    26

Table legend:
 A = Non-vault XP
 B = Vault XP
 C = Vault XP percentage of total XP
 D = Non-vault monster count
 E = Vault monster count
 F = Vault count percentage of total count
                 A         B        C        D         E       F
            +---------+---------+-------+---------+---------+-------
      Total |     124 |       6 |   4.6 |      20 |       2 |   9.1
            +---------+---------+-------+---------+---------+-------
        D:1 |       9 |       0 |   0.0 |       5 |       0 |   0.0
        D:2 |      38 |       0 |   0.0 |       9 |       0 |   0.0
        D:3 |       9 |       4 |  30.8 |       3 |       1 |  25.0
        D:4 |      36 |       2 |   5.3 |       2 |       1 |  33.3
        D:5 |      32 |       0 |   0.0 |       1 |       0 |   0.0
            +---------+---------+-------+---------+---------+-------
